 Dungeon Crawl Stone Soup version 0.29-a0-350-g7790a0e70a (webtiles) character file.

Game seed: 10034000183343793697

170 spaghetti the Fighter (level 5, 0/54 HPs)
             Began as a Gnoll Wanderer on Apr 23, 2022.
             Slain by a centaur (2 damage)
             ... on level 3 of the Dungeon.
             The game lasted 00:03:28 (2570 turns).

spaghetti the Fighter (Gnoll Wanderer)              Turns: 2570, Time: 00:03:28

Health: 0/54       AC:  5    Str: 19    XL:     5   Next: 50%
Magic:  7/7        EV: 11    Int:  8    God:
Gold:   111        SH:  0    Dex:  9    Spells: 7/7 levels left

rFire   . . .      SeeInvis .   p - +0 spear (venom) {polearm}
rCold   . . .      Faith    .   (no shield)
rNeg    . . .      Spirit   .   e - +0 leather armour
rPois   .          Reflect  .   g - +0 helmet
rElec   .          Harm     .   (no cloak)
rCorr   .          Rampage  .   (no gloves)
Will    .....                   r - +0 pair of boots
Stlth   +.........              (no amulet)
HPRegen 0.18/turn               (no ring)
MPRegen 0.10/turn               (no ring)

@: no status effects
A: fangs 1, strong nose, distributed training
a: no special abilities


You were on level 3 of the Dungeon.
You visited 1 branch of the dungeon, and saw 3 of its levels.

You collected 111 gold pieces.


Innate Abilities, Weirdness & Mutations

You have very sharp teeth.
Your uncanny sense of smell can sniff out nearby items.
Your experience applies equally to all skills.


   Skills:
 + Level 10.5 Fighting
 + Level 1.5 Short Blades
 + Level 1.5 Long Blades
 + Level 1.5 Axes
 + Level 1.5 Maces & Flails
 + Level 1.5 Polearms
 + Level 6.7 Staves
 + Level 1.5 Slings
 + Level 1.5 Bows
 + Level 1.5 Crossbows
 + Level 3.0 Throwing
 + Level 3.0 Armour
 + Level 1.5 Dodging
 + Level 1.5 Stealth
 + Level 1.5 Shields
 + Level 1.5 Unarmed Combat
 + Level 1.5 Spellcasting
 + Level 1.2 Conjurations
 + Level 1.2 Hexes
 + Level 1.2 Summonings
 + Level 1.2 Necromancy
 + Level 1.2 Translocations
 + Level 1.2 Transmutations
 + Level 1.2 Fire Magic
 + Level 1.2 Ice Magic
 + Level 1.2 Air Magic
 + Level 1.2 Earth Magic
 + Level 1.2 Poison Magic
 + Level 1.7 Invocations
 + Level 1.5 Evocations


You had 7 spell levels left.
You didn't know any spells.
Your spell library was empty.

Inventory:

Hand Weapons
 a - a +3 quarterstaff {staff}
 c - a +0 dagger {short}
 p - a +0 spear of venom (weapon) {polearm}
   (You found it on level 2 of the Dungeon)
Missiles
 b - 8 boomerangs (quivered) {throwing}
 m - 33 stones {throwing}
 o - 5 javelins {throwing}
Armour
 e - a +0 leather armour (worn)
 g - a +0 helmet (worn)
   (You took it off Robin on level 2 of the Dungeon)
 r - a +0 pair of boots (worn)
   (You found it on level 3 of the Dungeon)
Magical Staves
 k - a staff of fire {!astaff}
   (You found it on level 1 of the Dungeon)
Scrolls
 d - 2 scrolls of fog
 j - a scroll of identify {unknown}
Potions
 f - 3 potions of flight {unknown}
 h - 3 potions of curing {unknown}
 i - 2 potions of invisibility {unknown}
 l - a potion of brilliance {unknown}
 q - a potion of heal wounds {@q2}
 s - 2 potions of berserk rage {unknown}

Dungeon Overview and Level Annotations

Branches:
Dungeon (3/15)

Altars:

Shops:
D:1 *

Annotations:
D:2 Sigmund

...#...<.##
#.............##
...............#
...............#
...............#
...............#
...............#
............†..#
#.....c@......##
##..^..#.....## ###
#..########.### #..
#. #...# #.# ###.#
#.#
##########.#######.#
......†.............
.......##..<.......#
.......#............


You could see a centaur (very poisoned).


Message History

No target in view!
No target in view!
No target in view!
No target in view!
No target in view!
No target in view!
No target in view!
No target in view!
Found a stone staircase leading up.
A centaur comes into view.
The centaur shouts!
The centaur wields a +0 shortbow.
The centaur shoots an arrow.
The arrow barely misses you.
A centaur is nearby!
The centaur shoots an arrow.
The arrow hits you. 😕 HP[-1]
You take 1 damage, and now have 53/54 hp.
You reach to attack!
You hit the centaur but do no damage.
The centaur shoots an arrow.
The arrow hits you. 😕 HP[-6]
You take 6 damage, and now have 47/54 hp.
You are too injured to fight recklessly!
You are too injured to fight recklessly!
You are too injured to fight recklessly!
You are too injured to fight recklessly!
You are too injured to fight recklessly!
You are too injured to fight recklessly!
You are too injured to fight recklessly!
You are too injured to fight recklessly!
You are too injured to fight recklessly!
You are too injured to fight recklessly!
You are too injured to fight recklessly!
You are too injured to fight recklessly!
You are too injured to fight recklessly!
You are too injured to fight recklessly!
Unknown command.
Reach: p) +0 spear (venom) {polearm}
Press: ? - help, Dir - move target, f/p - centaur
Aim: a centaur, wielding a +0 shortbow (about 27% to evade your +0 spear of venom)
You reach to attack!
You closely miss the centaur.
The centaur shoots an arrow.
The arrow closely misses you.
The centaur shoots an arrow.
The arrow hits you! 😕 HP[-6]
You take 6 damage, and now have 41/54 hp.
Reach: p) +0 spear (venom) {polearm}
Press: ? - help, Dir - move target, f/p - centaur
Aim: a centaur, wielding a +0 shortbow (about 27% to evade your +0 spear of venom)
You reach to attack!
You closely miss the centaur.
The centaur shoots an arrow.
The arrow hits you. 😮 HP[-2]
You take 2 damage, and now have 39/54 hp.
Reach: p) +0 spear (venom) {polearm}
Press: ? - help, Dir - move target, f/p - centaur
Aim: a centaur, wielding a +0 shortbow (about 27% to evade your +0 spear of venom)
You reach to attack!
You barely miss the centaur.
The centaur shoots an arrow.
The arrow hits you!
* * * LOW HITPOINT WARNING * * *
The centaur shoots an arrow.
The arrow hits you.
* * * LOW HITPOINT WARNING * * *
😨 HP[-17]
You take 17 damage, and now have 22/54 hp.
MASSIVE DAMAGE!! (PAUSE) Reach: p) +0 spear (venom) {polearm}
Press: ? - help, Dir - move target, f/p - centaur
Aim: a centaur, wielding a +0 shortbow (about 27% to evade your +0 spear of venom)
You reach to attack!
You hit the centaur.
The centaur is poisoned.
The centaur shoots an arrow.
The arrow hits you.
* * * LOW HITPOINT WARNING * * *
😨 HP[-4]
You take 4 damage, and now have 18/54 hp.
Reach: p) +0 spear (venom) {polearm}
Press: ? - help, Dir - move target, f/p - centaur
Aim: a centaur, wielding a +0 shortbow (moderately wounded, very poisoned, about 27% to evade your +0 spear of venom)
You reach to attack!
You barely miss the centaur.
The centaur shoots an arrow.
The arrow hits you.
* * * LOW HITPOINT WARNING * * *
The centaur shoots an arrow.
The arrow misses you. 😨 HP[-1]
You take 1 damage, and now have 17/54 hp.
Reach: p) +0 spear (venom) {polearm}
Press: ? - help, Dir - move target, f/p - centaur
Aim: a centaur, wielding a +0 shortbow (moderately wounded, very poisoned, about 27% to evade your +0 spear of venom)
You reach to attack!
You hit the centaur. You hit the centaur.
The centaur unwields a +0 shortbow.
The centaur hits you.
* * * LOW HITPOINT WARNING * * *
The centaur closely misses you. The centaur hits you.
* * * LOW HITPOINT WARNING * * *
The centaur kicks you but does no damage. 😱 HP[-4]
You take 4 damage, and now have 13/54 hp.
You barely miss the centaur. The centaur hits you.
* * * LOW HITPOINT WARNING * * *
The centaur kicks you.
* * * LOW HITPOINT WARNING * * *
😱 HP[-7]
You take 7 damage, and now have 6/54 hp.
You hit the centaur but do no damage.
The centaur looks even sicker.
The centaur hits you.
* * * LOW HITPOINT WARNING * * *
The centaur kicks you.
You die...

Skill      XL: |  1  2  3  4  5 |
---------------+----------------+-----
Fighting       | | 10.5
Invocations    | 1 |  1.7
Short Blades   | 1 |  1.5
Long Blades    | 1 |  1.5
Axes           | 1 |  1.5
Maces & Flails | 1 |  1.5
Polearms       | 1 |  1.5
Slings         | 1 |  1.5
Bows           | 1 |  1.5
Crossbows      | 1 |  1.5
Dodging        | 1 |  1.5
Stealth        | 1 |  1.5
Shields        | 1 |  1.5
Unarmed Combat | 1 |  1.5
Spellcasting   | 1 |  1.5
Evocations     | 1 |  1.5
Conjurations   | 1 |  1.2
Hexes          | 1 |  1.2
Summonings     | 1 |  1.2
Necromancy     | 1 |  1.2
Translocations | 1 |  1.2
Transmutations | 1 |  1.2
Fire Magic     | 1 |  1.2
Ice Magic      | 1 |  1.2
Air Magic      | 1 |  1.2
Earth Magic    | 1 |  1.2
Poison Magic   | 1 |  1.2
Throwing       | 3 |  3.0
Armour         | 3 |  3.0
Staves         | |  6.7

Action                   |  1- 3 |  4- 6 || total
-------------------------+-------+-------++-------
Melee: Quarterstaff      |    33 |       ||    33
       Bite              |     4 |     8 ||    12
       Spear             |    18 |    74 ||    92
       Punch             |       |     1 ||     1
Throw: Boomerang         |       |     5 ||     5
  Use: Potion            |     1 |       ||     1
       Scroll            |       |     4 ||     4
Armor: Leather armour    |    12 |    10 ||    22
Dodge: Dodged            |    31 |    36 ||    67

Levels and vault maps discovered:
D:1:      dpeg_arrival_simpleton_c, layout_basic, serial_shops,
          nicolae_shop_stone, chequers_decorated_corner, minmay_statues_item
D:2:      minmay_general_purpose_star, layout_basic, uniq_natasha, uniq_robin,
          uniq_sigmund
D:3:      minmay_roachtagon, layout_rooms, basic_ecumenical_altar, uniq_ijyb

Notes
Turn   | Place    | Note
-------+----------+-------------------------------------------
     0 | D:1      | Reached skill level 10 in Fighting
     0 | D:1      | spaghetti the Gnoll Wanderer began the quest for the Orb.
     0 | D:1      | spaghetti set off with the following items: a +3
                  | quarterstaff {staff}, 9 boomerangs {throwing}, a +0 dagger
                  | {short}, a scroll of fog, a +0 leather armour
     0 | D:1      | Reached XP level 1. HP: 29/29 MP: 1/1
     0 | D:1      | magus.rc [v1.9.6]
   144 | D:1      | Found Vott's General Store.
   197 | D:1      | Reached XP level 2. HP: 36/36 MP: 2/2
   552 | D:1      | Reached XP level 3. HP: 42/42 MP: 3/3
   901 | D:2      | Reached skill level 1 in Invocations
   926 | D:2      | Noticed Sigmund
   944 | D:2      | Noticed Robin
   958 | D:2      | Reached skill level 1 in Short Blades
   958 | D:2      | Reached skill level 1 in Long Blades
   958 | D:2      | Reached skill level 1 in Axes
   958 | D:2      | Reached skill level 1 in Maces & Flails
   958 | D:2      | Reached skill level 1 in Polearms
   958 | D:2      | Reached skill level 1 in Slings
   958 | D:2      | Reached skill level 1 in Bows
   958 | D:2      | Reached skill level 1 in Crossbows
   958 | D:2      | Reached skill level 1 in Dodging
   958 | D:2      | Reached skill level 1 in Stealth
   958 | D:2      | Reached skill level 1 in Shields
   958 | D:2      | Reached skill level 1 in Unarmed Combat
   958 | D:2      | Reached skill level 1 in Spellcasting
   958 | D:2      | Reached skill level 1 in Evocations
   960 | D:2      | Killed Robin
   961 | D:2      | Reached XP level 4. HP: 30/48 MP: 5/5
  1129 | D:2      | Noticed Natasha
  1138 | D:2      | HP: 9/48 [iron imp[Natasha] (7)]
  1138 | D:2      | HP: 3/48 [shadow imp/nerve-wracking pain[Natasha] (6)]
  1139 | D:2      | Killed Natasha
  1140 | D:2      | Reached skill level 1 in Conjurations
  1140 | D:2      | Reached skill level 1 in Hexes
  1140 | D:2      | Reached skill level 1 in Summonings
  1140 | D:2      | Reached skill level 1 in Necromancy
  1140 | D:2      | Reached skill level 1 in Translocations
  1140 | D:2      | Reached skill level 1 in Transmutations
  1140 | D:2      | Reached skill level 1 in Fire Magic
  1140 | D:2      | Reached skill level 1 in Ice Magic
  1140 | D:2      | Reached skill level 1 in Air Magic
  1140 | D:2      | Reached skill level 1 in Earth Magic
  1140 | D:2      | Reached skill level 1 in Poison Magic
  1681 | D:2      | Noticed Natasha
  1692 | D:2      | Killed Natasha
  1693 | D:2      | Reached XP level 5. HP: 31/54 MP: 5/7
  2291 | D:2      | Noticed Natasha
  2306 | D:2      | Killed Natasha
  2307 | D:2      | Reached skill level 3 in Throwing
  2307 | D:2      | Reached skill level 3 in Armour
  2558 | D:3      | Noticed a centaur
  2568 | D:3      | HP: 13/54 [centaur (1)]
  2569 | D:3      | HP: 6/54 [centaur (3)]
  2570 | D:3      | HP: 2/54 [centaur (4)]
  2570 | D:3      | Slain by a centaur

Vanquished Creatures
  Natasha (thrice) (D:2)
  Robin (D:2)
  A gnoll (D:1)
  3 adders (D:2)
  A worm (D:2)
  3 dart slugs
  An endoplasm (D:2)
  A giant cockroach (D:1)
  9 goblins
  6 hobgoblins
  3 quokkas
  3 ball pythons (D:2)
  2 bats
  A frilled lizard (D:1)
  A kobold (D:2)
  2 rats
41 creatures vanquished.

Table legend:
 A = Non-vault XP
 B = Vault XP
 C = Vault XP percentage of total XP
 D = Non-vault monster count
 E = Vault monster count
 F = Vault count percentage of total count
                 A         B        C        D         E       F
            +---------+---------+-------+---------+---------+-------
      Total |     162 |      81 |  33.3 |      29 |      12 |  29.3
            +---------+---------+-------+---------+---------+-------
        D:1 |      35 |       0 |   0.0 |      11 |       0 |   0.0
        D:2 |     122 |      81 |  39.9 |      15 |      12 |  44.4
        D:3 |       5 |       0 |   0.0 |       3 |       0 |   0.0
            +---------+---------+-------+---------+---------+-------

Illustrated notes

Table legend:
 A = Kills in this place as a percentage of kills in entire the game.
 B = Kills by you in this place as a percentage of kills by you in the entire game.
 C = Kills by friends in this place as a percentage of kills by friends in the entire game.
 D = Other kills in this place as a percentage of other kills in the entire game.
 E = Experience gained in this place as a percentage of experience gained in the entire game.
 F = Experience gained in this place divided by the number of levels of this place that you have seen.
                   A       B       C       D       E      F
               +-------+-------+-------+-------+-------+----------------------
         Total | 100.0 | 100.0 |   N/A |   N/A | 100.0 |  81.0
       Dungeon | 100.0 | 100.0 |   N/A |   N/A | 100.0 |  81.0
               +-------+-------+-------+-------+-------+----------------------

Table legend: (Time is in decaauts)
 A = Elapsed time spent in this place.
 B = Non-inter-level travel time spent in this place.
 C = Inter-level travel time spent in this place.
 D = Time resting spent in this place.
 E = Time spent auto-exploring this place.
 F = Levels seen in this place.
 G = Mean time per level.
                   A        B        C        D        E       F      G
               +--------+--------+--------+--------+--------+-----+--------+
         Total |   2583 |   2542 |     41 |    276 |   1954 |   3 |  861.0 |
       Dungeon |   2583 |   2542 |     41 |    276 |   1954 |   3 |  861.0 |
               +--------+--------+--------+--------+--------+-----+--------+

Top non-repeatable levels by time:
     D:2: 1740 daAuts
     D:1: 786 daAuts
     D:3: 56 daAuts
